 Dungeon Crawl Stone Soup version 0.31.0-4-g52a2dc7128 (webtiles) character file.

Game seed: 1762408441856209662

290 Laraso the Magician (level 6, 0/28 HPs)
             Began as a Vine Stalker Ice Elementalist on Jan 21, 2024.
             Engulfed by a steam dragon's steam (9 damage)
             ... on level 4 of the Dungeon.
             The game lasted 00:04:39 (2585 turns).

Laraso the Magician (Vine Stalker Ice Elementalist) Turns: 2585, Time: 00:04:39

Health: 0/28       AC:  2    Str: 11    XL:     6   Next: 32%
Magic:  0/22       EV: 12    Int: 17    God:
Gold:   221        SH:  0    Dex: 14    Spells: 5/17 levels left

rFire   . . .        a - +0 dagger (venom)
rCold   . . .        (no shield)
rNeg    . . .        j - +0 robe
rPois   .            (no helmet)
rElec   .            (no cloak)
rCorr   .            (no gloves)
SInv    .            (no boots)
Will    .....        g
                       - Hermit's Pendant {Faith Invo=14 Evo=0 MP+5}
Stlth   ++           (no ring)
HPRegen 1.04/turn    (no ring)
MPRegen 0.18/turn

%: guardian spirit, faith
@: no status effects
A: fangs 2, regeneration 1, magic shield, antimagic bite, no potion heal 2
a: no special abilities


You were on level 4 of the Dungeon.
You visited 1 branch of the dungeon, and saw 4 of its levels.

You collected 221 gold pieces.

Inventory:

Hand Weapons
 a - a +0 dagger of venom (weapon)
 e - a +0 whip
Armour
 j - a +0 robe (worn)
Jewellery
 g - the Hermit's Pendant (around neck) {Faith Invo=14 Evo=0 MP+5}
   (You found it on level 3 of the Dungeon)

   [amulet of faith]

   Invo=14: It sets your Invocations skill to 14.
   Evo=0: It sets your Evocations skill to 0.
   Faith:     It allows you to gain divine favour quickly.
   MP+5:      It affects your magic capacity (+5).
Scrolls
 c - a scroll of identify
Potions
 b - a potion of magic
 d - 2 potions of might
 f - a potion of ambrosia
 h - a potion of curing
 i - a potion of mutation {unknown}
 k - 2 potions of enlightenment {unknown}


   Skills:
 + Level 2.1 Short Blades
 - Level 1.5 Dodging
 - Level 2.4 Stealth
 * Level 6.0 Spellcasting
 - Level 4.0 Ice Magic


You had 5 spell levels left.
You knew the following spells:

 Your Spells              Type           Power      Damage    Failure   Level
a - Freeze                Ice            72%        1d8       2%          1
b - Frozen Ramparts       Ice            36%        1d6       8%          3
c - Ozocubu's Armour      Ice            18%        N/A       8%          3
d - Summon Ice Beast      Ice/Summ       11%        N/A       17%         3
e - Ensorcelled Hibernat  Hex/Ice        22%        N/A       9%          2

Your spell library contained the following spells:

 Spells                   Type           Power      Damage    Failure   Level
 Necrotise                Necr           20%        1d5       13%         1
 Fugue of the Fallen      Necr           5%         N/A       36%         3
 Passwall                 Erth           5%         N/A       36%         3
 Swiftness                Air            5%         N/A       36%         3
 Vampiric Draining        Necr           5%         2d6       36%         3
 Manifold Assault         Tloc           5%         N/A       77%         4
 Martyr's Knell           Necr/Summ      5%         N/A       77%         4
 Curse of Agony           Necr           5%         N/A       98%         5


Dungeon Overview and Level Annotations

Branches:
Dungeon (4/15)
 Temple: D:4-7

Altars:
Wu Jian

Annotations:
D:4 Natasha


Innate Abilities, Weirdness & Mutations

You have extremely sharp teeth.
Your natural rate of healing is unusually fast.
When hurt, damage is shared between your health and your magic reserves.
Your bite disrupts and absorbs the magic of your enemies.
Potions cannot restore your health.


Message History

A steam dragon comes into view.
A steam dragon is nearby!
A steam dragon is nearby!
A steam dragon is nearby!
A steam dragon is nearby!
A hound comes into view.
The steam dragon hisses angrily.
Casting: Frozen Ramparts (quite dangerous; 8% risk of failure)
Confirm with . or Enter, or press ? or * to list all spells.
Aiming: Ensorcelled Hibernation (safe; 9% risk of failure)
Press: ? - help, Shift-Dir - straight line, f - steam dragon
Aim: a steam dragon (chance to affect: 45%)
The steam dragon resists with some effort.
The hound barks!
You hear a shout!
The steam dragon breathes steam at you. The ball of steam hits you!
An orc comes into view. It is wielding a +0 trident.
You hear a bark!
You hear a shout!
The orc shouts!
Casting: Ensorcelled Hibernation (safe; 9% risk of failure)
Confirm with . or Enter, or press ? or * to list all spells.
Aiming: Ensorcelled Hibernation (safe; 9% risk of failure)
Press: ? - help, Shift-Dir - straight line, f/p - steam dragon
Aim: a steam dragon (steam, catching its breath, chance to affect: 45%)
The steam dragon looks drowsy...
You are engulfed in a cloud of scalding steam.
Unknown command.
The helpless steam dragon fails to defend itself.
You puncture the steam dragon!
The steam dragon is poisoned.
The steam dragon is heavily wounded.
The steam dragon bites you!
The steam dragon claws you but does no damage.
Casting: Ensorcelled Hibernation (safe; 9% risk of failure)
Confirm with . or Enter, or press ? or * to list all spells.
Aiming: Freeze (safe; 2% risk of failure)
Press: ? - help, Shift-Dir - straight line, f/p - steam dragon
Aim: a steam dragon (severely wounded, very poisoned, catching its breath)
You freeze the steam dragon!
The steam dragon is almost dead.
You are engulfed in a cloud of scalding steam.
You die...

#.........#..........
#))##
......#.####..........
##..#
....##.#..........#.##
#..# ....
#.##.........#.###
##.. . #
#.............# #..
####.#........# #).
...#..§.....# ## #..
#####.§......# #~~ #..
#@.......# #~~≈##.
...h..D........#
#~~≈≈#.
.###.##§...#.###
#~~≈##. # #......# #~~
#.. ####.#.# ## ##..
...# #..# .#.# #..# .#
#..# #%[#


You could see a steam dragon (very poisoned, catching breath) and a hound.

Vanquished Creatures
  A kobold brigand (D:4)
  A jelly (D:3)
  An iguana (D:4)
  Natasha (D:4)
  Robin (D:4)
  4 gnolls
  3 adders
  A ribbon worm (D:2)
  2 orcs (D:4)
  4 ball pythons
  A bat (D:2)
  4 endoplasms
  9 goblins
  7 hobgoblins
  15 kobolds
  2 quokkas
  4 rats
61 creatures vanquished.

Notes
Turn   | Place    | Note
-------+----------+-------------------------------------------
     0 | D:1      | Laraso the Vine Stalker Ice Elementalist began the quest
                  | for the Orb.
     0 | D:1      | Reached XP level 1. HP: 9/9 MP: 4/4
    76 | D:1      | Found a faded altar of an unknown god.
   509 | D:1      | Reached XP level 2. HP: 13/13 MP: 4/6
   725 | D:1      | Reached skill level 3 in Spellcasting
  1011 | D:2      | Reached XP level 3. HP: 16/16 MP: 6/9
  1259 | D:2      | Reached skill level 4 in Spellcasting
  1428 | D:2      | Reached XP level 4. HP: 21/21 MP: 7/11
  1467 | D:2      | Learned a level 3 spell: Frozen Ramparts
  1471 | D:2      | Learned a level 3 spell: Ozocubu's Armour
  1475 | D:2      | Learned a level 3 spell: Summon Ice Beast
  1567 | D:2      | Learned a level 2 spell: Ensorcelled Hibernation
  1947 | D:3      | Found a faded altar of an unknown god.
  1947 | D:3      | Found the Hermit's Pendant {Faith Invo=14 Evo=0 MP+5}
  1957 | D:3      | Reached skill level 5 in Spellcasting
  1957 | D:3      | Reached XP level 5. HP: 24/24 MP: 8/13
  2186 | D:4      | Noticed Natasha
  2193 | D:4      | Reached skill level 1 in Short Blades
  2198 | D:4      | Killed Natasha
  2225 | D:4      | Noticed a kobold brigand
  2235 | D:4      | Killed a kobold brigand
  2236 | D:4      | Reached XP level 6. HP: 25/28 MP: 4/17
  2241 | D:4      | Noticed Natasha
  2393 | D:4      | Noticed Robin
  2408 | D:4      | Killed Robin
  2491 | D:4      | Found an ornate altar of the Wu Jian Council.
  2517 | D:4      | Reached skill level 6 in Spellcasting
  2575 | D:4      | Noticed a steam dragon
  2585 | D:4      | Engulfed by a steam dragon's steam

Illustrated notes

Levels and vault maps discovered:
D:1:      dpeg_arrival_chambers_temple_mockup, layout_loops_ring,
          hellmonk_ecumenical_altar_pennies_from_heaven
D:2:      layout_basic, grunt_decor_cap
D:3:      layout_rooms, hellmonk_guarded_unrand_hermit
D:4:      cheibrodos_thug_alley, layout_basic, mainiacjoe_overflow_chevrons,
          uniq_robin, uniq_natasha, uniq_eustachio

Skill      XL: |  1  2  3  4  5  6 |
---------------+-------------------+-----
Spellcasting   | 3 4 5 6 |  6.0
Short Blades   | 1 2 |  2.1
Dodging        | |  1.5
Stealth        | |  2.4
Ice Magic      | |  4.0

Action                     |  1- 3 |  4- 6 || total
---------------------------+-------+-------++-------
  Melee: Dagger            |    17 |    63 ||    80
         Bite              |     5 |     9 ||    14
   Cast: Freeze            |    25 |    29 ||    54
         Frozen Ramparts   |       |     4 ||     4
         Ensorcelled Hiber |       |     2 ||     2
    Use: Scroll            |     3 |     4 ||     7
   Stab: Sleeping          |     4 |     2 ||     6
 Armour: Robe              |    12 |    47 ||    59
  Dodge: Dodged            |    14 |    51 ||    65
